 Dungeon Crawl Stone Soup version 0.15.1-1-gfacfea3 (webtiles) character file.

1635 Kold the Martial Artist (level 8, 0/58 HPs)
             Began as a Demonspawn Monk on Sept 19, 2014.
             Was a Follower of Qazlal.
             Slain by a troll (9 damage)
             ... on Level 6 of the Dungeon on Sept 20, 2014.
             The game lasted 00:19:28 (7843 turns).

Kold the Martial Artist (Demonspawn Monk)           Turns: 7843, Time: 00:19:28

HP   0/58        AC  4     Str 12      XL: 8   Next: 66%
MP   0/24        EV 13     Int 12      God: Qazlal [*.....]
Gold 223         SH  2     Dex 17      Spells:  0 memorised,  7 levels left

rFire  . . .     SeeInvis .       - Unarmed
rCold  . . .     Clarity  .     a - +0 robe
rNeg   . . .     rCorr    +     (no shield)
rPois  .         rRot     .     (helmet restricted)
rElec  .         Spirit   +     (no cloak)
SustAb .         Warding  .     r - +1 pair of gloves
rMut   .         Stasis   .     (no boots)
Gourm  .                        c - amulet of resist corrosion
MR     .....                    (no ring)
                                i - ring of magical power

@: not resistant to hostile enchantments, unstealthy
A: claws 2, hooves 1, horns 1, magic shield
a: Renounce Religion


You were on level 6 of the Dungeon.
You worshipped Qazlal.
Qazlal was aware of your devotion.
You were very hungry.

You visited 2 branches of the dungeon, and saw 8 of its levels.

You collected 278 gold pieces.
You spent 55 gold pieces at shops.

Inventory:

Armour
 a - a +0 robe (worn)
 r - a +1 pair of gloves (worn)
 u - a +0 ring mail of cold resistance
Magical devices
 p - a wand of enslavement (7)
 y - a wand of magic darts (16)
 A - a wand of fire (5)
Comestibles
 b - 2 bread rations
 h - 2 beef jerkies
 o - a meat ration
 s - 7 fruits
Scrolls
 e - 2 scrolls of teleportation
 f - a scroll of noise {unknown}
 g - a scroll of amnesia {unknown}
 k - 2 scrolls of remove curse
 l - a scroll of random uselessness {unknown}
 m - a scroll of fear {unknown}
 n - a scroll of enchant weapon {unknown}
 q - a scroll of immolation {unknown}
 t - 2 scrolls of recharging {unknown}
 v - a scroll of fog {unknown}
 w - a scroll of enchant armour {unknown}
 B - a scroll of identify
Jewellery
 c - an amulet of resist corrosion (around neck)
 i - a ring of magical power (left hand)
Potions
 d - a potion of confusion
 j - a potion of agility
 x - a potion of resistance


   Skills:
 + Level 3.1 Fighting
 - Level 2.8 Dodging
 - Level 1.7 Stealth
 - Level 10.0 Unarmed Combat
 - Level 5.2 Invocations


You had 7 spell levels left.
You didn't know any spells.

Dungeon Overview and Level Annotations

Branches:
Dungeon (7/15)             Temple (1/1) D:5

Altars:
Ashenzari
Cheibriados
Dithmenos
Elyvilon
Fedhas
Kikubaaqudgha
Makhleb
Nemelex Xobeh
Okawaru
Qazlal
Trog
Xom
Yredelemnul
Zin
The Shining One

Shops:
D:4 ?(

Annotations:
D:7 Edmund


Innate Abilities, Weirdness & Mutations

You have very sharp fingernails.
You have large cloven feet.
You have a pair of small horns on your head.
When hurt, damage is shared between your health and your magic reserves.


Message History

Your headbutt misses the troll.
The troll is lightly wounded.
You block the troll's attack. The troll claws you. The troll misses you.
You completely miss the troll. You kick the troll.
The troll is lightly wounded.
You hit the troll. Your kick misses the troll. You headbutt the troll!
The troll is moderately wounded.
The troll bites you! The troll claws you. The troll claws you.
You barely miss the troll. You kick the troll, but do no damage.
Your punch misses the troll.
The troll is moderately wounded.
You hit the troll. You kick the troll.
The troll is heavily wounded.
The troll bites you. The troll claws you!
* * * LOW HITPOINT WARNING * * *
The troll misses you. The troll bites you!
* * * LOW HITPOINT WARNING * * *
The troll claws you!
You die...

##### #.@.# #.#T####
#######.#....#
#...[...####.#
#.##########.###
##)##.......#...# ######
#...+.......###.#####)...#
#..##.......# #.....#.##.#
#..##.......# #####.#.##.#


You could see a troll.

Vanquished Creatures
  Pikel (D:5)
  Eustachio (D:4)
  An orc warrior (D:6)
  3 sky beasts
  An ogre (D:6)
  A big kobold (D:5)
  A crimson imp (D:5)
  A goliath beetle (D:6)
  A black bear skeleton (D:6)
  Natasha (twice) (D:4)
  An iguana (D:4)
  2 orc wizards
  3 worker ants
  Ijyb (D:6)
  An ogre skeleton (D:4)
  7 adders
  3 worms
  19 orcs
  6 bats
  7 giant cockroaches
  6 goblins
  11 hobgoblins
  7 jackals
  4 quokkas
  A ball python (D:3)
  5 giant geckos
  6 giant newts
  A giant newt zombie (D:5)
  3 goblin skeletons
  5 hobgoblin zombies (D:5)
  A jackal zombie (D:6)
  12 kobolds
  2 kobold skeletons
  3 orc skeletons
  2 orc zombies (D:5)
  14 rats
146 creatures vanquished.

Vanquished Creatures (collateral kills)
  An orc priest (D:6)
  2 orcs (D:6)
3 creatures vanquished.

Vanquished Creatures (others)
  An iguana (D:5)
  A quokka (D:5)
2 creatures vanquished.

Grand Total: 151 creatures vanquished

Notes
Turn   | Place    | Note
--------------------------------------------------------------
     0 | D:1      | Kold, the Demonspawn Monk, began the quest for the Orb.
     0 | D:1      | Reached XP level 1. HP: 18/18 MP: 1/1
   181 | D:1      | Gained mutation: You have sharp fingernails. [demonic ancestry]
   181 | D:1      | Reached XP level 2. HP: 21/24 MP: 2/2
   239 | D:1      | Reached skill level 4 in Unarmed Combat
   951 | D:2      | Found a burning altar of Makhleb.
   985 | D:2      | Gained mutation: You have large cloven feet. [demonic ancestry]
   985 | D:2      | Reached XP level 3. HP: 29/29 MP: 3/3
  1713 | D:3      | Reached XP level 4. HP: 35/35 MP: 4/4
  1720 | D:3      | Reached skill level 5 in Unarmed Combat
  2292 | D:3      | Found a bloodstained altar of Trog.
  2448 | D:4      | Noticed Eustachio
  2704 | D:3      | Reached XP level 5. HP: 18/41 MP: 5/5
  2913 | D:4      | Found a sparkling altar of Nemelex Xobeh.
  3243 | D:4      | HP: 1/41 [Eustachio/falchion (6)]
  3248 | D:4      | Killed Eustachio
  3248 | D:4      | Reached skill level 6 in Unarmed Combat
  3248 | D:4      | Gained mutation: You have very sharp fingernails. [demonic ancestry]
  3248 | D:4      | Reached XP level 6. HP: 10/47 MP: 6/6
  3552 | D:4      | Noticed Natasha
  3570 | D:4      | Killed Natasha
  3758 | D:4      | Reached skill level 7 in Unarmed Combat
  3772 | D:4      | Found Psoudwew's Magic Scroll Shop.
  3780 | D:4      | Bought a scroll of identify for 22 gold pieces
  3780 | D:4      | Bought a scroll of teleportation for 33 gold pieces
  3796 | D:4      | Found Jyn Afut's Weapon Boutique.
  4148 | D:4      | Noticed Natasha
  4156 | D:4      | Killed Natasha
  4497 | D:5      | Entered Level 5 of the Dungeon
  4514 | D:5      | Found a white marble altar of Elyvilon.
  4622 | D:5      | Noticed Pikel
  5083 | D:5      | Gained mutation: You have a pair of small horns on your head. [demonic ancestry]
  5083 | D:5      | Reached XP level 7. HP: 28/52 MP: 7/7
  5388 | D:5      | Killed Pikel
  5388 | D:5      | Reached skill level 9 in Unarmed Combat
  5388 | D:5      | Gained mutation: When hurt, damage is shared between your health and your magic reserves. [demonic ancestry]
  5388 | D:5      | Reached XP level 8. HP: 45/58 MP: 8/8
  5464 | D:5      | Found a glowing golden altar of the Shining One.
  5566 | D:5      | Found a staircase to the Ecumenical Temple.
  5613 | Temple   | Entered the Ecumenical Temple
  5838 | Temple   | Became a worshipper of Qazlal Stormbringer
  5838 | Temple   | Acquired Qazlal's first power
  5838 | Temple   | Acquired Qazlal's second power
  6101 | D:5      | Found a shimmering altar of Xom.
  6129 | D:5      | Noticed an angel
  6132 | D:5      | Found a glowing silver altar of Zin.
  6645 | D:6      | Noticed Ijyb
  6655 | D:6      | Killed Ijyb
  6658 | D:6      | Reached skill level 10 in Unarmed Combat
  7353 | D:6      | Reached skill level 5 in Invocations
  7493 | D:7      | Noticed a troll
  7509 | D:7      | Noticed Edmund
  7843 | D:6      | Slain by a troll

Action                   |  1- 3 |  4- 6 |  7- 9 || total
-------------------------+-------+-------+-------++-------
Melee: Unarmed           |   110 |   213 |   158 ||   481
Invok: Upheaval          |       |       |     3 ||     3
Evoke: Wand              |       |     1 |     4 ||     5
  Use: Potion            |     4 |     4 |     4 ||    12
       Scroll            |       |     2 |       ||     2
 Stab: Sleeping          |     4 |     4 |       ||     8
  Eat: Chunk             |     2 |     8 |     3 ||    13
       Fruit             |       |     3 |       ||     3
       Meat ration       |       |       |     1 ||     1
